 Dungeon Crawl Stone Soup version 0.32-a0-607-g64ea0e4 (webtiles) character file.

Game seed: 2219487773093785872

103432 bodoor the Fighter (level 15, 120/120 HPs)
             Began as a Yellow Draconian Conjurer on Dec 21, 2023.
             Was the Champion of Hepliaklqana.
             Quit the game on level 15 of the Dungeon on Mar 3, 2024.
             The game lasted 02:22:51 (30655 turns).

bodoor the Fighter (Yellow Draconian Conjurer)     Turns: 30655, Time: 02:22:52

Health: 120/120    AC: 20    Str: 15    XL:     15   Next: 89%
Magic:  25/25      EV: 12    Int: 26    God:    Hepliaklqana [******]
Gold:   661        SH: 11    Dex: 21    Spells: 2/32 levels left

rFire   . . .        e - staff of conjuration
rCold   + + .        D - +0 buckler {AC+3}
rNeg    . . .        (body armour unavailable)
rPois   .            o - +2 hat of Zaikh {Str+4 Dex+4 Stlth+}
rElec   .            l - +1 cloak {rCorr}
rCorr   +            c - +1 pair of gloves {Dex+3}
SInv    .            H - +1 pair of boots {Fly}
Will    ++...        r - amulet of reflection
Stlth   +++          p - ring "Duos" {Wiz rC++ Str+2 Dex+4}
HPRegen 0.40/turn    F - ring of willpower
MPRegen 0.19/turn

%: reflection, wizardry (x1)
@: maw-form, flying, studying Necromancy
A: devouring maw, reduced essence, caustic breath, AC +9, unfitting armour,
acidic bite, cold-blooded, acid resistance, low MP 1
a: Caustic Breath, Begin Untransformation, Renounce Religion, Recall Ancestor,
Ancestor Identity, Transference, Idealise


You were on level 15 of the Dungeon.
You worshipped Hepliaklqana.
Hepliaklqana was exalted by your worship.
You were a creature with a mouth for a stomach.
You visited 3 branches of the dungeon, and saw 22 of its levels.
You also visited: Trove, Bailey and Ice Cave.

You collected 2966 gold pieces.
You spent 2305 gold pieces at shops.

Inventory:

Hand Weapons
 z - a +4 dagger of distortion
 I - the +2 dagger of Revolt {venom, rElec rC+}
   (You found it on level 10 of the Dungeon)

   rC+:       It protects you from cold.
   rElec:     It insulates you from electricity.
 V - a +1 scimitar of flaming
Missiles
 h - 17 javelins
 Q - 2 curare-tipped darts
 R - a throwing net
Armour
 c - a +1 pair of gloves of dexterity (worn)
 l - a +1 cloak of preservation (worn)
 o - the +2 hat of Zaikh (worn) {Str+4 Dex+4 Stlth+}
   (You acquired it on level 3 of the Lair of Beasts)

   Str+4:     It affects your strength (+4).
   Dex+4:     It affects your dexterity (+4).
   Stlth+:    It makes you more stealthy.
 D - a +0 buckler of protection (worn)
 H - a +1 pair of boots of flying (worn)
Magical Staves
 e - a staff of conjuration (weapon)
Jewellery
 m - a ring of fire
 n - an amulet of regeneration
 p - the ring "Duos" (left hand) {Wiz rC++ Str+2 Dex+4}
   (You acquired it on level 3 of the Lair of Beasts)

   [ring of wizardry]

   Wiz:       It improves your spell success rate.
   Str+2:     It affects your strength (+2).
   Dex+4:     It affects your dexterity (+4).
   rC++:      It greatly protects you from cold.
 r - an amulet of reflection (around neck)
 F - a ring of willpower (right hand)
 L - a ring of protection from cold
 T - the ring of Heheuf {rN++ rCorr Int+2 Dex+2 Stlth-}
   (You bought it in a shop on level 2 of the Orcish Mines)

   [ring of resist corrosion]

   Int+2:     It affects your intelligence (+2).
   Dex+2:     It affects your dexterity (+2).
   rN++:      It greatly protects you from negative energy.
   rCorr:     It protects you from acid and corrosion.
   Stlth-:    It makes you less stealthy.
Talismans
 P - a maw talisman (active)
Wands
 k - a wand of quicksilver (4)
 y - a wand of mindburst (14) (quivered)
 A - a wand of flame (18)
 G - a wand of charming (19)
 J - a wand of polymorph (13)
 O - a wand of roots (11)
Scrolls
 b - a scroll of brand weapon
 d - 6 scrolls of revelation
 u - 6 scrolls of immolation
 v - 6 scrolls of teleportation
 w - 4 scrolls of vulnerability
 x - 3 scrolls of enchant armour
 B - a scroll of blinking
 N - 3 scrolls of enchant weapon
 S - 5 scrolls of fog
Potions
 a - 4 potions of magic
 f - 2 potions of lignification
 g - 5 potions of curing
 i - 3 potions of might
 j - a potion of enlightenment
 q - 2 potions of haste
 s - 3 potions of attraction
 t - 4 potions of heal wounds
 C - 3 potions of invisibility
 K - 3 potions of ambrosia
 M - a potion of brilliance {unknown}
 U - 4 potions of mutation {unknown}
Miscellaneous
 E - a phial of floods


   Skills:
 + Level 12.9 Fighting
 - Level 4.0 Short Blades
 - Level 12.0 Staves
 - Level 2.0 Dodging
 - Level 2.0 Stealth
 - Level 4.0 Shields
 + Level 9.1 Spellcasting
 - Level 12.0 Conjurations
 - Level 2.0 Translocations
 - Level 12.0 Alchemy
 - Level 8.0 Invocations
 - Level 4.0 Evocations
 - Level 10.0 Shapeshifting


You had 2 spell levels left.
You knew the following spells:

 Your Spells              Type           Power      Damage    Failure   Level
a - Sting                 Conj/Alch      100%       1d9       1%          1
b - Magic Dart            Conj           100%       1d8       1%          1
c - Yara's Violent Unrav  Hex/Alch       21%        3d10      6%          5
d - Blink                 Tloc           44%        N/A       1%          2
e - Ignite Poison         Fire/Alch      43%        N/A       2%          4
f - Iskenderun's Mystic   Conj/Tloc      64%        2d13      1%          4
q - Fulminant Prism       Conj/Alch      42%        3d19      1%          4
r - Irradiate             Conj/Alch      42%        3d25      1%          5
w - Olgreb's Toxic Radia  Alch           65%        N/A       1%          4

Your spell library contained the following spells:

 Spells                   Type           Power      Damage    Failure   Level
 Apportation              Tloc           44%        N/A       1%          1
 Foxfire                  Conj/Fire      100%       2x1d9     1%          1
 Kiss of Death            Conj/Necr      100%       2d13      1%          1
 Shock                    Conj/Air       100%       1d9       1%          1
 Cigotuvi's Dreadful Rot  Necr/Alch/Air  64%        N/A       1%          2
 Lesser Beckoning         Tloc           44%        N/A       1%          2
 Mercury Vapours          Alch/Air       86%        N/A       1%          2
 Momentum Strike          Conj/Tloc      100%       3d10      1%          2
 Searing Ray              Conj           100%       2d8       1%          2
 Static Discharge         Conj/Air       100%       3-8/arc   1%          2
 Necrotise                Necr           44%        1d6       2%          1
 Slow                     Hex            44%        N/A       2%          1
 Summon Small Mammal      Summ           44%        N/A       2%          1
 Call Imp                 Summ           22%        N/A       4%          2
 Ensorcelled Hibernation  Hex/Ice        22%        N/A       4%          2
 Sublimation of Blood     Necr           11%        N/A       4%          2
 Dazzling Flash           Conj/Hex       100%       N/A       1%          3
 Hailstorm                Conj/Ice       59%        3d11      1%          3
 Mephitic Cloud           Conj/Alch/Air  69%        N/A       1%          3
 Stone Arrow              Conj/Erth      100%       3d13      1%          3
 Iskenderun's Battlesphe  Conj           84%        2d13      1%          5
 Brom's Barrelling Bould  Conj/Erth      59%        2d7       2%          4
 Flame Wave               Conj/Fire      59%        2d14      2%          4
 Petrify                  Alch/Erth      43%        N/A       2%          4
 Sticky Flame             Fire/Alch      43%        2d8       2%          4
 Eringya's Noxious Bog    Alch           32%        4d6       2%          6
 Fireball                 Conj/Fire      29%        3d13      6%          5
 Confusing Touch          Hex            11%        N/A       8%          3
 Inner Flame              Hex/Fire       11%        N/A       8%          3
 Passwall                 Erth           11%        N/A       8%          3
 Swiftness                Air            11%        N/A       8%          3
 Tukima's Dance           Hex            11%        N/A       8%          3
 Vampiric Draining        Necr           11%        2d6       8%          3
 Freezing Cloud           Conj/Ice/Air   24%        6-21      14%         5
 Vhi's Electric Charge    Tloc/Air       34%        N/A       16%         4
 Orb of Destruction       Conj           42%        9d12      16%         7
 Airstrike                Air            5%         2d(1-17)  26%         4
 Anguish                  Hex/Necr       5%         N/A       26%         4
 Cause Fear               Hex            5%         N/A       26%         4
 Summon Blazeheart Golem  Fire/Summ      11%        N/A       26%         4
 Conjure Ball Lightning   Conj/Air       29%        3x3d8     32%         6
 Summon Forest            Summ/Tloc      8%         N/A       41%         5
 Curse of Agony           Necr           11%        N/A       54%         5
 Silence                  Hex/Air        5%         N/A       54%         5
 Summon Mana Viper        Hex/Summ       11%        N/A       54%         5
 Spellforged Servitor     Conj/Summ      29%        N/A       86%         7
 Plasma Beam              Fire/Air       5%         2x1d16    98%         6
 Enfeeble                 Hex            5%         N/A       100%        7
 Ozocubu's Refrigeration  Ice            5%         4d8       100%        7
 Summon Hydra             Summ           5%         N/A       100%        7
 Discord                  Hex            5%         N/A       100%        8
 Maxwell's Capacitive Co  Air            5%         ∞         100%        8


Dungeon Overview and Level Annotations

Branches:
Dungeon (15/15)            Temple (0/1) D:4            Lair (5/5) D:11
  Swamp (0/4) Lair:3        Snake (0/4) Lair:3        Slime (0/5) Lair:4
    Orc (2/2) D:12            Elf (0/3) Orc:2        Vaults (0/5) D:14
 Depths (0/4) D:15         Bailey (visited)           IceCv (visited)

Altars:
Ashenzari
Dithmenos
Hepliaklqana
Makhleb
Nemelex Xobeh
Sif Muna
Beogh
Jiyva

Shops:
D:2 *   D:6 [*   D:9 [   D:12 (   Orc:2 *=(*[


Innate Abilities, Weirdness & Mutations

You are a creature with a mouth for a stomach.
Your midsection houses a second, enormous mouth.
Your life essence is reduced to manifest your ancestor. (-10% HP)
You can breathe corrosive fumes.
Your golden yellow scales are hard. (AC +9)
You cannot fit into any form of body armour.
You have acidic saliva.
You are cold-blooded and may be slowed by cold attacks.
You are resistant to acid. (rCorr)
Your magical capacity is low. (-10% MP)


Message History

v - 6 scrolls of teleportation (gained 1)
You swap places.
You swap places.
You swap places.
You swap places.
You now have 661 gold pieces (gained 17).
Found a scroll of noise.
You swap places.
You swap places.
You see here a scroll of noise.
Found 3 stones.
You see here 3 stones.
You swap places.
Things that are here:
a +0 orcbow; a +0 mace; a +0 plate armour You swap places.
You swap places.
You swap places.
You swap places.
Things that are here:
a +0 great sword; a +0 chain mail You see here a +0 giant club.
Things that are here:
a +0 giant club; a +0 giant spiked club
Things that are here:
a +0 giant spiked club; a +0 giant club You swap places.
You swap places.
You swap places.
You swap places.
Partly explored, can't reach some places.
Partly explored, can't reach some places.
Search for what [? for help]?
Okay, then.
Unknown command.
Search for what [? for help]? .
Welcome back, bodoor the Yellow Draconian Conjurer.
Hepliaklqana says: Your past becomes your present!
Press ? for a list of commands and other information.
Are you sure you want to abandon this character and quit the game? (Confirm with "yes".)

#........#
##.......
#.###...## #.......
### #...# ##......
#...# ##..... #...#
#..... ###.# #.....
###### #.....
#.##.# #...##
#W##.## ##).###
####R#...# ##..## #
#...##...#
###....###
###......#
#......... ###...##
###....... ##..###
##......
##...#####.#####
##.#....##.## #
####.####......####


You could see the friendly Publia the knight.

Vanquished Creatures
  Donald (Orc:2)
  An orc warlord (Orc:2)
  Nessos (Orc:2)
  Snorg (D:12)
  A quicksilver dragon zombie (D:15)
  2 hydras
  An ice dragon (Lair:5)
  Harold (Orc:1)
  An ogre mage (D:15)
  A caustic shrike simulacrum (IceCv)
  A catoblepas (D:15)
  7 two-headed ogres
  A death knight (D:13)
  4 centaur warriors
  3 boulder beetles
  5 orc high priests
  2 tengu warriors (D:14)
  A soul eater (D:12)
  Nergalle (Lair:2)
  2 bog bodies (IceCv)
  Lodul (D:12)
  4 skeletal warriors
  A swamp dragon (Lair:5)
  An obsidian statue (IceCv)
  3 arcanists (D:14)
  A spriggan simulacrum (IceCv)
  3 necromancers
  5 orc knights
  3 deep elf pyromancers
  8 ugly things
  A manticore (D:14)
  2 orc sorcerers (Orc:2)
  4 cyclopes
  Maurice (Orc:1)
  6 elephants
  3 black mambas
  9 cane toads
  3 gargoyles
  An unseen horror (shapeshifter) (D:9)
  An unseen horror (D:12)
  13 freezing wraiths
  2 rime drakes
  8 komodo dragons
  2 ice devils (IceCv)
  An efreet (D:15)
  An anaconda simulacrum (IceCv)
  Psyche (D:8)
  2 golden dragon simulacra (IceCv)
  A hornet (D:8)
  5 trolls
  A red devil (D:13)
  5 alligator simulacra (IceCv)
  20 blink frogs
  A blink frog (shapeshifter) (D:14)
  4 dream sheep (Lair:5)
  8 slime creatures
  A dire elephant simulacrum (IceCv)
  Sigmund (D:6)
  A shadow (D:12)
  2 wyverns
  8 basilisks
  A vampire (D:13)
  A warg (Orc:1)
  15 yaks
  A ynoxinul (D:13)
  3 neqoxecs (D:13)
  3 vampire mosquitoes (D:13)
  3 steam dragons
  A harpy simulacrum (IceCv)
  Edmund (D:6)
  3 chaos spawn (D:13)
  4 acid dragons
  2 nagas (Lair:3)
  A swamp worm (Lair:3)
  3 hydra simulacra (IceCv)
  9 water moccasins
  A sky beast (D:6)
  A swamp drake (Lair:5)
  37 orc warriors
  An ettin simulacrum (IceCv)
  An ice beast (D:7)
  A black bear (D:6)
  10 ogres
  7 centaurs
  13 wolves
  A phantom (D:5)
  3 kobold brigands
  2 gnoll sergeants
  3 scorpions
  8 bullfrogs
  2 wights (D:7)
  A lindwurm simulacrum (IceCv)
  11 killer bees
  4 howler monkeys
  5 jellies
  A hound (D:5)
  15 orc priests
  2 iguanas
  2 sleepcaps
  25 orc wizards
  10 gnolls
  6 adders
  A shadow imp (D:5)
  2 ufetubi (D:6)
  2 ribbon worms
  A dart slug (D:2)
  70 orcs
  6 bats
  10 endoplasms
  5 giant cockroaches
  12 goblins
  7 hobgoblins
  6 jackals
  3 quokkas
  6 ball pythons
  2 frilled lizards
  15 kobolds
  9 rats
  4 fulminant prisms
572 creatures vanquished.

Vanquished Creatures (collateral kills)
  Erica (Orc:1)
  A centaur warrior (D:13)
  A boulder beetle (D:12)
  A skeletal warrior (D:12)
  A flayed ghost (D:15)
  An orc knight (D:14)
  2 deep elf pyromancers
  An orc sorcerer (Orc:2)
  2 ugly things (D:14)
  A manticore (D:11)
  3 elephants
  2 black mambas
  5 cane toads
  An unseen horror (D:12)
  2 tengu conjurers (D:13)
  5 komodo dragons
  3 freezing wraiths (IceCv)
  An anaconda simulacrum (IceCv)
  5 ice devils
  2 alligator simulacra (IceCv)
  A hornet (D:10)
  A spriggan zombie (D:15)
  4 blink frogs
  A dream sheep (Lair:5)
  3 slime creatures
  A spriggan skeleton (D:15)
  A dire elephant simulacrum (IceCv)
  A vampire (D:11)
  A wyvern (D:8)
  8 yaks
  2 ynoxinuls (D:13)
  A basilisk (shapeshifter) (D:14)
  A basilisk (Lair:3)
  A chaos spawn (D:13)
  A steam dragon (D:9)
  A vampire mosquito (D:13)
  A harpy simulacrum (IceCv)
  An acid dragon (D:11)
  7 water moccasins
  4 black bears (D:11)
  An ettin simulacrum (IceCv)
  8 orc warriors
  3 ogres
  3 wolves
  A centaur (D:11)
  A kobold brigand (D:9)
  7 bullfrogs
  A gnoll sergeant (D:6)
  3 wights (D:7)
  3 lindwurm simulacra (IceCv)
  10 killer bees
  3 howler monkeys
  3 jellies (Lair:4)
  3 orc priests
  A sleepcap (D:8)
  6 iguanas
  9 orc wizards
  3 gnolls
  An adder (D:5)
  A shadow imp (D:8)
  35 orcs
  4 kobolds
  3 butterflies (Lair:3)
196 creatures vanquished.

Vanquished Creatures (others)
  18 knights
  4 ancestors
  282 fulminant prisms
304 creatures vanquished.

Grand Total: 1072 creatures vanquished

Notes
Turn   | Place    | Note
-------+----------+-------------------------------------------
     0 | D:1      | bodoor the Draconian Conjurer began the quest for the Orb.
     0 | D:1      | Reached XP level 1. HP: 14/14 MP: 3/3
   254 | D:1      | Reached skill level 1 in Fighting
   319 | D:1      | Reached XP level 2. HP: 23/23 MP: 3/5
   322 | D:1      | Learned a level 2 spell: Searing Ray
  1256 | D:2      | Reached XP level 3. HP: 29/29 MP: 6/6
  1515 | D:2      | Found Zadue's Assorted Antiques.
  1917 | D:2      | Learned a level 1 spell: Sting
  2303 | D:3      | Reached XP level 4. HP: 36/36 MP: 4/8
  2355 | D:2      | Bought a glowing cloak for 142 gold pieces
  2674 | D:3      | Found a burning altar of Makhleb.
  2680 | D:3      | Found a broken altar of Ashenzari.
  2685 | D:3      | Found a hazy altar of Hepliaklqana.
  2718 | D:3      | Became a worshipper of Hepliaklqana the Forgotten
  2889 | D:4      | Noticed an ogre
  2896 | D:4      | Killed an ogre
  2897 | D:4      | Reached XP level 5. HP: 3/41 MP: 2/9
  3151 | D:4      | Reached skill level 5 in Conjurations
  3312 | D:4      | Found a staircase to the Ecumenical Temple.
  3506 | D:4      | Reached XP level 6. HP: 50/50 MP: 5/10
  3730 | D:4      | Reached * piety under Hepliaklqana
  3936 | D:5      | Entered Level 5 of the Dungeon
  4339 | D:5      | Learned a level 4 spell: Fulminant Prism
  4628 | D:5      | Found a shadowy altar of Dithmenos.
  4658 | D:5      | Your scales start taking on a golden yellow colour.
  4658 | D:5      | Reached XP level 7. HP: 51/51 MP: 2/11
  4658 | D:5      | Gained mutation: You are resistant to acid. (rCorr) [Yellow
                  | Draconian growth]
  5041 | D:6      | Reached skill level 1 in Short Blades
  5041 | D:6      | Reached skill level 5 in Alchemy
  5255 | D:6      | Found Yzifut's Armour Shoppe.
  5271 | D:6      | Found Itudyoq's General Store.
  5279 | D:6      | Bought a scroll of identify for 26 gold pieces
  5279 | D:6      | Bought a scroll of teleportation for 39 gold pieces
  5389 | D:2      | Bought a scroll labelled MOEMULL NUADDO for 19 gold pieces
  5389 | D:2      | Bought a scroll labelled UNACARURUI for 19 gold pieces
  5657 | D:6      | Reached XP level 8. HP: 52/56 MP: 0/12
  5842 | D:6      | Noticed Edmund
  5862 | D:6      | Killed Edmund
  5870 | D:6      | Noticed Sigmund
  5879 | D:6      | Killed Sigmund
  5959 | D:6      | Reached ** piety under Hepliaklqana
  5960 | D:6      | Remembered your ancestor Publia as a knight
  6806 | D:7      | Reached XP level 9. HP: 62/62 MP: 7/13
  6876 | D:7      | Found a flagged portal.
  6888 | Bailey   | Entered a bailey
  7097 | Bailey   | Learned a level 5 spell: Irradiate
  7976 | D:8      | Noticed Psyche
  7979 | D:8      | Killed Psyche
  7980 | D:8      | Reached XP level 10. HP: 70/70 MP: 2/15
  8255 | D:8      | Reached skill level 10 in Conjurations
  8255 | D:8      | Reached skill level 10 in Alchemy
  8264 | D:8      | Noticed a cyclops
  8273 | D:8      | Killed a cyclops
  8604 | D:8      | Reached skill level 5 in Fighting
  8610 | D:8      | Learned a level 4 spell: Ignite Poison
  8869 | D:9      | Reached skill level 5 in Spellcasting
  8920 | D:9      | Found Unebbofo's Armour Emporium.
  9003 | D:6      | Bought a +0 buckler of protection for 161 gold pieces
  9080 | D:9      | Reached *** piety under Hepliaklqana
  9089 | D:9      | Reached skill level 1 in Shields
  9724 | D:10     | Entered Level 10 of the Dungeon
  9842 | D:10     | Reached skill level 1 in Invocations
  9982 | D:10     | Identified the +2 dagger of Revolt {venom, rElec rC+}
 10005 | D:10     | Noticed a deep elf pyromancer
 10016 | D:10     | Killed a deep elf pyromancer
 10022 | D:10     | Noticed a centaur warrior
 10028 | D:10     | Killed a centaur warrior
 10029 | D:10     | Reached XP level 11. HP: 64/81 MP: 6/20
 10135 | D:10     | Paralysed by a hornet for 1 turns
 10469 | D:10     | Learned a level 4 spell: Iskenderun's Mystic Blast
 10668 | D:10     | Found a sparkling altar of Nemelex Xobeh.
 10788 | D:11     | Found a portal to a secret trove of treasure.
 10800 | D:11     | Reached skill level 1 in Translocations
 10932 | D:11     | Found a staircase to the Lair.
 11575 | D:11     | Reached **** piety under Hepliaklqana
 12036 | D:12     | Noticed Snorg
 12042 | D:12     | Noticed Lodul
 12045 | D:12     | Killed Snorg
 12302 | D:12     | Found a staircase to the Orcish Mines.
 12526 | D:12     | Killed Lodul
 12533 | D:12     | Found a shimmering blue altar of Sif Muna.
 12850 | D:12     | Noticed a boulder beetle
 12872 | D:12     | Killed a boulder beetle
 12873 | D:12     | Reached skill level 10 in Fighting
 12873 | D:12     | Reached XP level 12. HP: 95/95 MP: 12/24
 13490 | D:12     | Reached skill level 5 in Invocations
 13535 | D:12     | Found Samowun's Weapon Shoppe.
 13802 | Orc:1    | Entered Level 1 of the Orcish Mines
 13802 | Orc:1    | Noticed Erica
 13802 | Orc:1    | Noticed an orc high priest
 13808 | Orc:1    | Killed Erica
 14080 | Orc:1    | Killed an orc high priest
 14492 | Orc:1    | Noticed Harold
 14495 | Orc:1    | Noticed Maurice
 14504 | Orc:1    | Killed Maurice
 14508 | Orc:1    | Killed Harold
 14866 | D:6      | Bought the +11 falchion "Orhoyp" {flame, rC+ rN+ Int+3} for
                  | 1103 gold pieces
 14955 | D:11     | You paid a toll of the falchion "Orhoyp" to enter a
                  | treasure trove
 14956 | Trove    | Entered a treasure trove
 14971 | Trove    | Got the Thoughts on the Alluring Snake
 14991 | Trove    | Got Sif Muna's Tome of Baneful Astrapomancy
 15000 | Trove    | Got Sif Muna's Thoughts on Momentum
 15010 | Trove    | Got Witchcraft, and How To Use It
 15013 | Trove    | Got Yfiuta Toga's Anthology of Dynamic Air
 15016 | Trove    | Got Sif Muna's Omnibus of Airy Forces
 15028 | Trove    | Identified a scroll of acquirement
 15028 | Trove    | Acquired a staff of conjuration
 15121 | Orc:2    | Entered Level 2 of the Orcish Mines
 15121 | Orc:2    | Noticed Nessos
 15603 | Lair:1   | Entered Level 1 of the Lair of Beasts
 15735 | Lair:1   | Reached skill level 1 in Staves
 15735 | Lair:1   | Reached skill level 1 in Evocations
 17013 | Lair:2   | Reached XP level 13. HP: 73/101 MP: 2/25
 17017 | Lair:2   | Noticed Nergalle
 17178 | Lair:2   | Killed Nergalle
 18184 | Lair:3   | Found a staircase to the Swamp.
 18336 | Lair:3   | Found a staircase to the Snake Pit.
 18579 | Lair:3   | Learned a level 2 spell: Blink
 18584 | Lair:3   | Learned a level 4 spell: Olgreb's Toxic Radiance
 18698 | Lair:3   | Reached ***** piety under Hepliaklqana
 18767 | Lair:3   | Reached skill level 1 in Shapeshifting
 18955 | Lair:3   | Acquired the +2 hat of Zaikh {Str+4 Dex+4 Stlth+}
 19514 | Lair:3   | Acquired the ring "Duos" {Wiz rC++ Str+2 Dex+4}
 20287 | Lair:4   | Found a staircase to the Slime Pits.
 20337 | Lair:4   | Found a viscous altar of Jiyva.
 20631 | Lair:5   | Entered Level 5 of the Lair of Beasts
 20637 | Lair:5   | Reached skill level 5 in Staves
 20853 | Lair:5   | Reached skill level 5 in Shapeshifting
 21297 | Lair:5   | Gained mutation: You have acidic saliva. [Yellow Draconian
                  | growth]
 21297 | Lair:5   | Reached XP level 14. HP: 54/108 MP: 20/26
 22614 | D:13     | Gained mutation: Your magical capacity is low. (-10% MP) [a
                  | neqoxec]
 24023 | D:13     | Reached skill level 10 in Shapeshifting
 24285 | D:14     | Reached ****** piety under Hepliaklqana
 24349 | D:14     | Found a frozen archway.
 24383 | IceCv    | Entered an ice cave
 25297 | IceCv    | Found an ancient bone altar of Kikubaaqudgha.
 25404 | IceCv    | Noticed a lich
 25812 | D:14     | Reached skill level 10 in Staves
 25980 | D:14     | Reached XP level 15. HP: 106/113 MP: 16/24
 26496 | D:14     | Found a gate to the Vaults.
 27498 | Orc:2    | Found Ucanovac's Gadget Gallery.
 27510 | Orc:2    | Bought a wand of quicksilver (4) for 218 gold pieces
 27522 | Orc:2    | Found a staircase to the Elven Halls.
 27522 | Orc:2    | Noticed Donald
 27529 | Orc:2    | Killed Donald
 27545 | Orc:2    | Killed Nessos
 28496 | Orc:2    | Found Xiguip's General Store.
 28497 | Orc:2    | Found Wucriagi's Jewellery Shoppe.
 28499 | Orc:2    | Found Bugeyzeg's Antique Armour Emporium.
 28499 | Orc:2    | Found Fiseelli's Antique Weapon Emporium.
 28528 | Orc:2    | Bought the ring of Heheuf {rN++ rCorr Int+2 Dex+2 Stlth-}
                  | for 578 gold pieces
 28787 | D:14     | Upgraded the game from 0.31-a0-1327-g8c40ea9 to
                  | 0.32-a0-28-g8eac1da
 28789 | D:15     | Entered Level 15 of the Dungeon
 29353 | D:15     | Learned a level 5 spell: Yara's Violent Unravelling
 29902 | D:15     | Found a staircase to the Depths.
 30654 | D:15     | Upgraded the game from 0.32-a0-28-g8eac1da to
                  | 0.32-a0-607-g64ea0e4
 30655 | D:15     | Quit the game

Illustrated notes

Levels and vault maps discovered:
D:1:      spicycebolla_green_bress_n_ham_2, layout_basic
D:2:      layout_basic, serial_shops, nicolae_shop_rolling_square
D:3:      layout_loops_ring, minmay_overflow_temple_star_quad
D:4:      layout_loops_cross, minmay_temple_entry_waves
D:5:      layout_gridville, kennysheep_mini_moat
D:6:      layout_rooms, serial_shops, nicolae_shop_crystal,
          nicolae_take_the_stairs, serial_corexii_hall, corexii_hall_statues_i,
          corexii_hall_statues_x, chequers_hall_statues_y,
          corexii_hall_statues_i, sigmund_edmund_badplayer
D:7:      layout_basic, enter_bailey_4, feat_on_display
D:8:      layout_loops_cross, corexii_leaking_fountain, uniq_psyche
D:9:      layout_roguey, serial_shops, nicolae_shop_rolling_square
D:10:     layout_rooms, nemelex_diamond_rough_becter, lightli_fourway_metalbox
D:11:     layout_roguey, due_lair_maze_entry_diamond, enter_trove_2
D:12:     layout_roguey, hiddenorc2_lemuel, serial_shops,
          nicolae_shop_peninsula, hellmonk_sif_muna_bookshelves, uniq_lodul,
          uniq_snorg
D:13:     layout_irregular_city, serial_demonic, serial_demonic_a,
          serial_demonic_a, serial_demonic_c, serial_demonic_f,
          minmay_fractal_squares_diagonal_5
D:14:     layout_basic, david_vaults_1, minmay_staircase_bubble,
          portal_ice_cave_entry_pillars_2
D:15:     gammafunk_depths_entry_grave, layout_layer_cave, roderic_st_hans_cross
Lair:1:   layout_cave_pods
Lair:2:   layout_small_grid, grunt_megastairs_1, uniq_nergalle
Lair:3:   layout_chaotic_city, minmay_swamp_entry_worms,
          minmay_snake_entry_guardpost_small, infiniplex_staircase_pool,
          lemuel_fruit_fields
Lair:4:   layout_regular_city, nicolae_slime_entry_field_trip,
          chequers_serial_rivers_room_a, grunt_megastairs_3,
          infiniplex_staircase_pool_2, lemuel_fruit_tree
Lair:5:   guppyfry_lair_end_dragon, layout_hall_layers
Orc:1:    layout_caves, mines1_david, uniq_maurice, uniq_harold, uniq_erica
Orc:2:    st_orc_congregation, layout_caves, nicolae_shop_gadgets, uniq_donald,
          uniq_nessos

Skill      XL: |  1  2  3  4  5  6  7  8  9 10 11 12 13 14 15 |
---------------+----------------------------------------------+-----
Stealth        | 2 |  2.0
Dodging        | 2 |  2.0
Fighting       | 1 2 3 6 10 12 | 12.9
Spellcasting   | 3 6 8 9 |  9.1
Alchemy        | 2 4 6 8 9 10 11 12 | 12.0
Conjurations   | 5 6 8 9 10 11 12 | 12.0
Short Blades   | 2 4 |  4.0
Shields        | 3 4 |  4.0
Invocations    | 2 4 8 |  8.0
Translocations | 2 |  2.0
Staves         | 2 6 10 12 | 12.0
Evocations     | 3 4 |  4.0
Shapeshifting  | 6 10 | 10.0

Action                     |  1- 3 |  4- 6 |  7- 9 | 10-12 | 13-15 || total
---------------------------+-------+-------+-------+-------+-------++-------
  Melee: Short sword       |    12 |       |       |       |       ||    12
         Whip              |    27 |    22 |       |       |       ||    49
         Tailslap          |     4 |     4 |    13 |    28 |   119 ||   168
         Dagger            |       |     8 |    92 |   151 |       ||   251
         Punch             |       |     1 |     1 |       |       ||     2
         Staff             |       |       |       |    31 |   555 ||   586
         Maw               |       |       |       |       |   127 ||   127
         Bite              |       |       |       |       |    68 ||    68
  Throw: Javelin           |       |       |    11 |       |     3 ||    14
         Dart              |       |       |       |     4 |       ||     4
         Throwing net      |       |       |       |       |     2 ||     2
   Cast: Magic Dart        |    18 |     1 |       |       |       ||    19
         Searing Ray       |    21 |    18 |    12 |     6 |     1 ||    58
         Sting             |     3 |    11 |     4 |     4 |       ||    22
         Fulminant Prism   |       |     4 |    28 |   109 |   145 ||   286
         Irradiate         |       |       |       |    14 |    25 ||    39
         Ignite Poison     |       |       |       |     1 |    20 ||    21
         Iskenderun's Myst |       |       |       |       |     7 ||     7
         Olgreb's Toxic Ra |       |       |       |       |    22 ||    22
 Invoke: Recall Ancestor   |       |       |     1 |     7 |     9 ||    17
         Ancestor Life: Kn |       |       |     1 |       |       ||     1
         Idealise          |       |       |       |     1 |     3 ||     4
         Transference      |       |       |       |     1 |       ||     1
Ability: Caustic Breath    |       |       |     9 |    16 |    32 ||    57
  Evoke: Wand              |       |       |     4 |       |       ||     4
    Use: Scroll            |       |       |    10 |    10 |    19 ||    39
         Potion            |       |       |     2 |     5 |       ||     7
   Stab: Sleeping          |       |     1 |       |     1 |     3 ||     5
         Distracted        |       |       |       |     1 |     7 ||     8
         Betrayed ally     |       |       |       |       |     1 ||     1
 Armour: Skin              |    24 |    25 |    92 |   290 |   364 ||   795
  Dodge: Dodged            |    29 |    26 |    87 |   154 |   227 ||   523
  Block: Buckler           |       |       |       |    56 |   226 ||   282
         Reflection        |       |       |       |       |    18 ||    18
   Form: Maw               |       |       |       |       |     1 ||     1

Table legend: (Time is in decaauts)
 A = Elapsed time spent in this place.
 B = Non-inter-level travel time spent in this place.
 C = Inter-level travel time spent in this place.
 D = Time resting spent in this place.
 E = Time spent auto-exploring this place.
 F = Levels seen in this place.
 G = Mean time per level.
                   A        B        C        D        E       F      G
               +--------+--------+--------+--------+--------+-----+--------+
         Total |  30661 |  28689 |   1972 |   3274 |  19948 |  25 | 1226.4 |
       Dungeon |  19487 |  17956 |   1531 |   1731 |  13078 |  15 | 1299.1 |
          Lair |   6949 |   6633 |    316 |    905 |   4606 |   5 | 1389.8 |
  Orcish Mines |   2128 |   2004 |    124 |    388 |   1192 |   2 | 1064.0 |
         Trove |     89 |     89 |      0 |      0 |     25 |   1 |   89.0 |
        Bailey |    674 |    674 |      0 |    110 |    332 |   1 |  674.0 |
      Ice Cave |   1332 |   1332 |      0 |    140 |    714 |   1 | 1332.0 |
               +--------+--------+--------+--------+--------+-----+--------+

Top non-repeatable levels by time:
    D:12: 2436 daAuts
    D:14: 2043 daAuts
  Lair:3: 1672 daAuts
    D:11: 1638 daAuts
  Lair:5: 1602 daAuts
    D:15: 1572 daAuts
    D:13: 1555 daAuts
     D:6: 1478 daAuts
  Lair:1: 1335 daAuts
   IceCv: 1332 daAuts
     D:5: 1258 daAuts
  Lair:4: 1181 daAuts
     D:4: 1159 daAuts
  Lair:2: 1157 daAuts
     D:9: 1142 daAuts
